Map: Berlingrad LE

Players

IIIIIIIIIII

  • Race: Protoss Protoss
  • League: Diamond

HAchubbyTTV - Winner!

  • Race: Terran Terran

VOD

Have the link to the VOD?

Description

Time

  • Played on: Nov. 28, 2021, 11:08 a.m.
  • Length: 7:13
Show
View Real Time Build Order
Export as new Build Order

IIIIIIIIIII Protoss 

Build Orders: 1 Gate Expand, Blink Stalkers 

Get SALT Encoding   

  12  0:00  Probe  
  13  0:12  Probe  
  14  0:19  Pylon  
  14  0:24  Probe  
  15  0:37  Gateway  
  15  0:39  Probe (Chrono Boost)  
  16  0:45  Assimilator  
  16  0:51  Probe (Chrono Boost)  
  17  0:57  Probe (Chrono Boost)  
  18  1:05  Probe  
  19  1:18  Probe  
  20  1:25  Cybernetics Core  
  20  1:30  Probe  
  21  1:39  Nexus  
  21  1:46  Pylon  
  21  1:50  Assimilator  
  21  1:52  Probe  
  22  2:03  Adept  
  22  2:07  Warp Gate  
  24  2:17  Probe  
  25  2:23  Gateway  
  25  2:27  Twilight Council  
  25  2:30  Probe  
  26  2:42  Probe  
  27  2:47  Stalker  
  29  2:51  Probe  
  30  2:59  Probe  
  30  3:00  Robotics Facility  
  30  3:04  Probe  
  32  3:16  Blink (Chrono Boost)  
  32  3:17  Probe x2  
  36  3:32  Probe  
  36  3:33  Probe  
  36  3:45  Pylon  
  36  3:48  Observer  
  37  3:49  Probe  
  37  3:50  Probe  
  37  3:55  Stalker x2  
  43  4:01  Probe, Shield Battery  
  44  4:11  Observer (Chrono Boost)  
  45  4:19  Probe  
  42  4:31  Immortal (Chrono Boost)  
  44  4:35  Stalker  
  44  4:36  Zealot  
  48  4:44  Shield Battery  
  48  4:49  Probe x2  
  47  4:56  Gateway  
  47  4:57  Stalker  
  47  4:58  Zealot  
  47  4:59  Gateway, Shield Battery  
  51  5:08  Probe x2  
  51  5:22  Stalker  
  51  5:23  Immortal (Chrono Boost)  
  51  5:26  Zealot  
  36  5:50  Zealot x2  
  36  5:52  Immortal (Chrono Boost)  
  26  6:14  Stalker  
  26  6:15  Stalker x2  
  26  6:16  Stalker  
  34  6:28  Immortal (Chrono Boost)  
  38  6:39  Pylon  
Show
View Real Time Build Order
Export as new Build Order

HAchubbyTTV Terran - Winner!

Build Orders:  

Get SALT Encoding   

  12  0:00  SCV  
  13  0:12  SCV  
  14  0:17  Supply Depot  
  14  0:24  SCV  
  15  0:38  SCV  
  15  0:39  Barracks  
  16  0:43  Refinery  
  16  0:50  SCV  
  16  0:56  Supply Depot  
  17  1:02  SCV  
  18  1:11  Refinery  
  18  1:15  SCV  
  19  1:27  Marine, Orbital Command  
  20  1:44  Factory  
  20  1:52  Barracks Reactor  
  20  2:00  SCV  
  21  2:13  SCV  
  22  2:25  SCV  
  22  2:28  Marine  
  22  2:29  Marine  
  25  2:30  Starport  
  25  2:31  Widow Mine  
  25  2:36  Supply Depot  
  27  2:45  SCV  
  27  2:46  Marine x2  
  30  2:58  Widow Mine  
  32  3:02  Armory  
  32  3:04  Marine  
  32  3:05  Marine  
  34  3:06  Medivac  
  34  3:12  Supply Depot  
  36  3:17  SCV  
  36  3:19  Factory Tech Lab  
  37  3:22  Marine x2  
  39  3:28  Supply Depot  
  39  3:40  Marine x2  
  41  3:49  Thor  
  41  3:54  Medivac  
  49  3:58  Supply Depot  
  49  4:01  Marine  
  50  4:03  Marine  
  51  4:19  Marine  
  51  4:21  Marine  
  53  4:37  Marine  
  52  4:39  Thor, Marine  
  59  4:50  Medivac  
  59  4:56  Marine  
  59  4:57  Marine  
  56  5:22  Marine x2  
  49  5:39  Marine  
  49  5:40  Marine  
  47  6:02  Marine  
  47  6:03  Marine  
  48  6:20  Marine  
  48  6:21  Marine  
  50  6:38  Marine  
  50  6:39  Marine  
Tags
 
Add a new tag
Caveats
  • Supply blocks, unpowered buildings, or Contaminate may cause inaccurate times.
  • Supply counts are checked every 10 seconds.